 Dungeon Crawl Stone Soup version 0.27-a0-1548-gf8a67e7463 (webtiles) character file.

Game seed: 6148337275659181606

191 blackman the Skirmisher (level 6, -7/52 HPs)
             Began as a Human Wanderer on July 13, 2021.
             Mangled by a kobold brigand (9 damage)
             ... in a sewer.
             The game lasted 00:11:30 (3626 turns).

blackman the Skirmisher (Human Wanderer)            Turns: 3626, Time: 00:11:31

Health: -7/52      AC:  5    Str: 13    XL:     6   Next: 1%
Magic:  6/6        EV: 11    Int: 13    God:
Gold:   142        SH:  0    Dex: 13    Spells: 5/5 levels left

rFire    . . .     SeeInvis .   a - +0 dagger (elec)
rCold    . . .     Faith    .   (no shield)
rNeg     . . .     Spirit   .   i - +0 ring mail
rPois    .         Reflect  .   (no helmet)
rElec    .         Harm     .   (no cloak)
rCorr    .         Rampage  .   (no gloves)
Will     .....                  (no boots)
Stlth    +.........             (no amulet)
HPRegen  0.17/turn              (no ring)
MPRegen  0.10/turn              (no ring)

@: very slow
A: no striking features
a: no special abilities


You were in a sewer.
You visited 1 branch of the dungeon, and saw 3 of its levels.
You also visited: Sewer.

You collected 142 gold pieces.

Inventory:

Hand Weapons
 a - a +0 dagger of electrocution (weapon)
 b - a +0 hunting sling
 m - a +2 dagger
Missiles
 e - 19 stones (quivered)
Armour
 c - a +0 robe
 i - a +0 ring mail (worn)
 k - a +0 scale mail
 n - a +0 pair of boots
Scrolls
 f - 2 scrolls of identify
 g - a scroll of vulnerability {unknown}
 h - a scroll of teleportation
 o - a scroll of fog {unknown}
 p - a scroll of fear {unknown}
 q - 3 scrolls of enchant armour {unknown}
Potions
 d - a potion of magic {unknown}
 j - a potion of brilliance {unknown}
 l - 3 potions of curing {unknown}


   Skills:
 - Level 6.2 Fighting
 - Level 1.0 Long Blades
 - Level 1.0 Staves
 * Level 0.2 Armour
 - Level 3.0 Dodging
 - Level 1.0 Stealth
 - Level 1.0 Evocations


You had 5 spell levels left.
You didn't know any spells.
Your spell library contained the following spells:

 Spells                   Type           Power      Damage    Failure   Level
 Apportation              Tloc           0%         N/A       54%         1
 Pain                     Necr           0%         1d4       54%         1
 Sting                    Tmut/Pois      0%         1d3       54%         1
 Summon Small Mammal      Summ           0%         N/A       54%         1
 Ignite Poison            Fire/Tmut/Pois 0%         N/A       89%         3
 Vampiric Draining        Necr           0%         2d6       89%         3
 Alistair's Intoxication  Tmut/Pois      0%         N/A       100%        5
 Invisibility             Hex            0%         N/A       100%        6


Dungeon Overview and Level Annotations

Branches:
Dungeon (3/15)              Sewer (1/1)

Altars:


Message History

You hit the kobold brigand.
The kobold brigand is severely wounded.
The kobold brigand barely misses you.
You hit the kobold brigand.
The kobold brigand is severely wounded.
The kobold brigand barely misses you.
Your unstable footing causes you to fumble your attack.
The kobold brigand hits you with a +0 short sword.
You barely miss the kobold brigand.
The kobold brigand is severely wounded.
The kobold brigand hits you with a +0 short sword.
You hit the kobold brigand.
The kobold brigand is severely wounded.
The kobold brigand hits you with a +0 short sword!
You hit the kobold brigand but do no damage.
The kobold brigand is severely wounded.
The kobold brigand hits you with a +0 short sword.
Your unstable footing causes you to fumble your attack.
The kobold brigand misses you.
You hit the kobold brigand.
The kobold brigand is severely wounded.
The kobold brigand barely misses you.
Your ring mail prevents you from hitting the kobold brigand.
The kobold brigand is severely wounded.
The kobold brigand hits you with a +0 short sword.
* * * LOW HITPOINT WARNING * * *
Your unstable footing causes you to fumble your attack.
The kobold brigand hits you with a +0 short sword!
* * * LOW HITPOINT WARNING * * *
You completely miss the kobold brigand.
The kobold brigand is severely wounded.
The kobold brigand misses you.
You barely miss the kobold brigand.
The kobold brigand is severely wounded.
The kobold brigand hits you with a +0 short sword.
* * * LOW HITPOINT WARNING * * *
You hit the kobold brigand.
The kobold brigand is almost dead.
The kobold brigand hits you with a +0 short sword!
You die...

##### ##...##
#####≈.≈..#####≈.≈
≈≈≈≈≈.≈..≈.....)((
#####....≈#####.!≈
##.)K## ##@## #≈# #≈#
##≈## ##### ##≈..##
##...##
#####≈.≈..####≈.≈.≈#
≈≈≈≈≈≈≈..≈.≈≈≈≈.....#
...≈#####..≈..####...≈.#
.≈≈ ##.≈.## ##≈≈.##


You could see a kobold brigand.

Vanquished Creatures
  A kobold brigand (Sewer)
  5 adders
  2 worms (Sewer)
  A dart slug (D:1)
  An orc (D:3)
  5 endoplasms
  4 giant cockroaches
  6 goblins
  11 hobgoblins
  5 quokkas
  7 ball pythons
  3 bats
  3 frilled lizards
  10 kobolds
  3 rats
67 creatures vanquished.

Vanquished Creatures (others)
  5 plants (D:3)
5 creatures vanquished.

Grand Total: 72 creatures vanquished

Notes
Turn   | Place    | Note
-------+----------+-------------------------------------------
     0 | D:1      | blackman the Human Wanderer began the quest for the Orb.
     0 | D:1      | blackman set off with the following items: a +2 dagger, a
                  | potion of berserk rage, a +0 robe; and the following spells
                  | available to memorise: Pain, Sting, Ignite Poison, Vampiric
                  | Draining
     0 | D:1      | Reached XP level 1. HP: 18/18 MP: 1/1
    50 | D:1      | Found a faded altar of an unknown god.
    60 | D:1      | Got Plato's Catalogue of Calling
   317 | D:1      | Reached XP level 2. HP: 24/24 MP: 2/2
   648 | D:1      | Reached skill level 4 in Fighting
   648 | D:1      | Reached XP level 3. HP: 30/30 MP: 3/3
  1296 | D:2      | Reached XP level 4. HP: 36/38 MP: 4/4
  1834 | D:3      | Reached skill level 5 in Fighting
  2297 | D:3      | Found a glowing drain.
  2328 | D:3      | Reached XP level 5. HP: 35/44 MP: 5/5
  2343 | Sewer    | Entered a sewer
  2987 | Sewer    | Noticed a kobold brigand
  3004 | Sewer    | Killed a kobold brigand
  3005 | Sewer    | Reached skill level 6 in Fighting
  3571 | Sewer    | Reached XP level 6. HP: 52/52 MP: 6/6
  3625 | Sewer    | HP: 2/52 [kobold brigand (5)]
  3626 | Sewer    | Mangled by a kobold brigand

Illustrated notes

Levels and vault maps discovered:
D:1:      minmay_arrival_plants_in_alcoves, layout_loops_corners,
          shapermc_ecumenical_altar_rom_forum, minmay_surrounded
D:2:      layout_rooms, minmay_door_square
D:3:      kennysheep_goblin_castle, layout_rooms, portal_sewer_entry_f,
          serial_shops, shop, glass_columns_a, wad_floor_pattern_2,
          serial_bayou_lagoon_a, kennysheep_generic_room_14
Sewer:    sewer_co_15_rooms

Skill      XL: |  1  2  3  4  5 |
---------------+----------------+-----
Fighting       | 4 5 6 |  6.2
Long Blades    | |  1.0
Staves         | |  1.0
Armour         | |  0.2
Dodging        | |  3.0
Stealth        | |  1.0
Evocations     | |  1.0

Action                   |  1- 3 |  4- 6 || total
-------------------------+-------+-------++-------
Melee: Dagger            |       |   112 ||   112
 Fire: Hunting sling     |    91 |   135 ||   226
  Use: Scroll            |       |     1 ||     1
       Potion            |       |     1 ||     1
Armor: Ring mail         |     7 |    45 ||    52
       Robe              |     3 |       ||     3
Dodge: Dodged            |    27 |    83 ||   110

Table legend: (Time is in decaauts)
 A = Elapsed time spent in this place.
 B = Non-inter-level travel time spent in this place.
 C = Inter-level travel time spent in this place.
 D = Time resting spent in this place.
 E = Time spent auto-exploring this place.
 F = Levels seen in this place.
 G = Mean time per level.
                   A        B        C        D        E       F      G
               +--------+--------+--------+--------+--------+-----+--------+
         Total |   3724 |   3388 |    336 |   1191 |   1356 |   4 |  931.0 |
       Dungeon |   2384 |   2048 |    336 |    193 |   1271 |   3 |  794.7 |
         Sewer |   1340 |   1340 |      0 |    998 |     85 |   1 | 1340.0 |
               +--------+--------+--------+--------+--------+-----+--------+

Top non-repeatable levels by time:
   Sewer: 1340 daAuts
     D:1: 1003 daAuts
     D:2: 972 daAuts
     D:3: 408 daAuts
